 Dungeon Crawl Stone Soup version 0.28.0-45-g0d030f2227 (webtiles) character file.

Game seed: 7418646707665511137

19346 Bruhh the Basher (level 12, 0/72 HPs)
             Began as a Gargoyle Fighter on Apr 23, 2022.
             Was a Follower of the Shining One.
             Slain by a killer bee (3 damage)
             ... on level 1 of the Lair of Beasts.
             The game lasted 00:27:11 (17264 turns).

Bruhh the Basher (Gargoyle Fighter)                Turns: 17264, Time: 00:27:11

Health: 0/72       AC: 13    Str: 25      XL:     12   Next: 68%
Magic:  18/18      EV: 13    Int:  9      God:    the Shining One [*.....]
Gold:   589        SH:  7    Dex:  8 (9)  Spells: 11/11 levels left

rFire   . . .      SeeInvis .   j - +8 whip of the Bespelling Whale {freeze, Stlth+}
rCold   . . .      Faith    .   c - +1 buckler
rNeg    + + .      Spirit   .   b - +0 scale mail
rPois   ∞          Reflect  .   (no helmet)
rElec   +          Harm     .   (no cloak)
rCorr   .          Rampage  .   (no gloves)
Will    .....                   (no boots)
Stlth   +.........              (no amulet)
HPRegen 0.22/turn               r - ring of positive energy
MPRegen 0.16/turn               C - +4 ring of evasion

@: about to teleport, glowing
A: sickness immunity, AC +8, negative energy resistance 1, electricity
resistance, torment resistance 1, petrification resistance, deformed body, frail
1
a: Renounce Religion, Divine Shield


You were on level 1 of the Lair of Beasts.
You worshipped the Shining One.
The Shining One was aware of your devotion.
You visited 3 branches of the dungeon, and saw 13 of its levels.

You collected 589 gold pieces.

Inventory:

Hand Weapons
 a - a +0 flail
 j - the +8 whip of the Bespelling Whale (weapon) {freeze, Stlth+}
   (You found it on level 2 of the Dungeon)

   It freezes those it strikes, dealing additional cold damage.
   It can also slow down cold-blooded creatures.
   Stlth:     It makes you more stealthy.
 k - a +0 broad axe of flaming
 w - the +4 great mace of the Harvest {vorpal, rPois Int+3 Dex+7}
   (You found it on level 5 of the Dungeon)

   It inflicts extra damage upon your enemies.
   Int:       It affects your intelligence (+3).
   Dex:       It affects your dexterity (+7).
   rPois:     It protects you from poison.
 A - a +2 mace of draining
Missiles
 J - 20 poisoned darts
 K - a curare-tipped dart (quivered)
Armour
 b - a +0 scale mail (worn)
 c - a +1 buckler (worn)
 L - a +0 kite shield
Jewellery
 e - a ring of ice
 o - a +6 ring of intelligence
 r - a ring of positive energy (left hand)
 t - a ring of magical power
 C - a +4 ring of evasion (right hand)
 I - a ring of resist corrosion
 M - a ring of positive energy
Wands
 E - a wand of flame (22)
 G - a wand of iceblast (14)
Scrolls
 f - 2 scrolls of amnesia
 l - 2 scrolls of enchant weapon
 m - 2 scrolls of vulnerability
 p - 2 scrolls of teleportation
 y - 7 scrolls of identify
 D - a scroll of magic mapping
Potions
 g - 2 potions of brilliance
 h - a potion of invisibility
 i - 2 potions of ambrosia
 q - a potion of attraction
 s - 2 potions of lignification
 v - a potion of curing
 x - a potion of heal wounds
 z - a potion of degeneration


   Skills:
 - Level 11.0 Fighting
 - Level 12.1 Maces & Flails
 + Level 8.0 Armour
 - Level 10.7 Shields
 - Level 8.0 Invocations


You had 11 spell levels left.
You didn't know any spells.
Your spell library contained the following spells:

 Spells                   Type           Power      Damage    Failure   Level
 Animate Skeleton         Necr           0%         N/A       71%         1
 Pain                     Necr           0%         1d4       71%         1
 Confusing Touch          Hex            0%         N/A       97%         3
 Gell's Gravitas          Tloc           0%         N/A       97%         3
 Lesser Beckoning         Tloc           0%         N/A       97%         3
 Teleport Other           Tloc           0%         N/A       97%         3
 Vampiric Draining        Necr           0%         2d6       97%         3
 Leda's Liquefaction      Hex/Erth       0%         N/A       100%        4
 Lee's Rapid Deconstruct  Erth           0%         3d5*      100%        5
 Yara's Violent Unravell  Hex/Tmut       0%         3d3       100%        5
 Enfeeble                 Hex            0%         N/A       100%        7
 Statue Form              Tmut/Erth      Unusable   N/A       N/A         6

Dungeon Overview and Level Annotations

Branches:
Dungeon (11/15)            Temple (1/1) D:7            Lair (1/6) D:11
    Orc (0/2) D:10

Altars:
Ashenzari
Cheibriados
Dithmenos
Elyvilon
Fedhas
Gozag
Hepliaklqana
Kikubaaqudgha
Makhleb
Nemelex Xobeh
Okawaru
Qazlal
Ru
Sif Muna
Trog
Uskayaw
Vehumet
Wu Jian
Xom
Yredelemnul
Zin
The Shining One
Beogh

Shops:
D:6 *   D:7 *   D:10 *(![

Annotations:
D:8 3 runed translucent doors, dangdung's ghost, novice OpTm
D:11 3 runed translucent doors, Tali's ghost, journeyman DsBe


Innate Abilities, Weirdness & Mutations

You are immune to sickness and miasma.
Your stone body is resilient. (AC +8)
You are immune to poison.
You resist negative energy. (rN+)
You are resistant to electric shocks. (rElec)
You are resistant to unholy torment.
You are immune to petrification.
Armour fits poorly on your strangely shaped body.
You are frail. (-10% HP)


Message History

The killer bee goes berserk!
The killer bee closely misses you. The killer bee stings you.
The killer bee barely misses you. You block the killer bee's attack.
The killer bee barely misses you. The killer bee stings you!
Items here: †††††††††††.
The killer bee closely misses you. The killer bee stings you.
* * * LOW HITPOINT WARNING * * *
The queen bee calls on the killer bee to defend it!
The killer bee goes berserk!
You hear an angry buzzing noise.
As you read the scroll of teleportation, it crumbles to dust.
You feel strangely unstable.
The killer bee stings you but does no damage.
The killer bee stings you!
* * * LOW HITPOINT WARNING * * *
The killer bee rages.
You block the killer bee's attack.
You hear an angry buzzing noise.
The killer bee stings you.
* * * LOW HITPOINT WARNING * * *
You block the killer bee's attack.
You hear an angry buzzing noise.
The killer bee rages.
The killer bee barely misses you.
The killer bee stings you but does no damage.
Your surroundings suddenly seem different.
You hear an angry buzzing noise.
You hear an angry buzzing noise.
You block the killer bee's attack. The killer bee misses you.
The killer bee closely misses you.
You hear an angry buzzing noise.
As you read the scroll of teleportation, it crumbles to dust.
You feel strangely unstable.
You hear an angry buzzing noise. x2
The killer bee stings you.
* * * LOW HITPOINT WARNING * * *
The killer bee closely misses you. You block the killer bee's attack.
The killer bee barely misses you. The killer bee misses you.
The killer bee closely misses you. The killer bee stings you.
You die...

P.............#
##...##
...............##...P#
...............##...##
................#..##
................P..#
.............#
.............#
.......>y...##
####.@y...# .
#.yy...#### yy
#......##.##


yyy #......†...#### yy #...†..##.....# ####.##.....#####.#.....# ............#
### #.#.. ........$..## # ........#### You could see a queen bee and 3 killer
bees.

Vanquished Creatures
  Erica (Lair:1)
  2 two-headed ogres
  Pikel (D:5)
  Maurice (D:9)
  2 gargoyles
  An unseen horror (D:11)
  2 cane toads (Lair:1)
  A komodo dragon (Lair:1)
  A troll (D:11)
  A meliai zombie (D:5)
  2 vampires (D:10)
  13 yaks
  2 wyverns
  A basilisk (Lair:1)
  A steam dragon (D:9)
  2 water moccasins
  5 orc warriors
  A hornet zombie (D:7)
  3 black bears
  2 necrophages
  An ice beast (D:6)
  An ogre (D:6)
  A centaur (D:7)
  3 phantoms
  A kobold brigand (D:8)
  4 bullfrogs
  3 scorpions
  A wyvern skeleton (D:7)
  31 killer bees
  A vampire bat (Lair:1)
  An electric eel (D:10)
  2 howler monkeys (D:8)
  3 orc priests (D:10)
  A gnoll shaman (D:8)
  7 hounds
  2 jellies
  A centaur skeleton (D:6)
  A bullfrog skeleton (D:6)
  A scorpion zombie (D:5)
  Natasha (thrice) (D:4)
  2 iguanas
  6 orc wizards
  2 hound skeletons
  A howler monkey zombie (D:11)
  12 gnolls
  8 adders
  A white imp (D:5)
  2 ufetubi (D:4)
  2 worms
  4 dart slugs
  33 orcs
  9 ball pythons
  8 bats
  7 endoplasms
  4 giant cockroaches
  3 goblins
  4 hobgoblins
  8 jackals
  4 quokkas
  2 frilled lizards
  19 kobolds
  4 rats
259 creatures vanquished.

Vanquished Creatures (others)
  2 fungi (Lair:1)
  13 plants
15 creatures vanquished.

Grand Total: 274 creatures vanquished

Notes
Turn   | Place    | Note
-------+----------+-------------------------------------------
     0 | D:1      | Bruhh the Gargoyle Fighter began the quest for the Orb.
     0 | D:1      | Reached XP level 1. HP: 14/14 MP: 1/1
   185 | D:1      | Reached XP level 2. HP: 19/19 MP: 2/2
   490 | D:1      | Found a faded altar of an unknown god.
   492 | D:1      | Reached skill level 3 in Maces & Flails
   695 | D:1      | Reached XP level 3. HP: 23/23 MP: 3/3
  1198 | D:2      | Found a basalt altar of Yredelemnul.
  1478 | D:2      | Reached skill level 4 in Maces & Flails
  1590 | D:2      | Reached XP level 4. HP: 22/28 MP: 4/4
  1608 | D:2      | Identified the +8 whip of the Bespelling Whale {freeze,
                  | Stlth+}
  2193 | D:3      | Found a broken altar of Ashenzari.
  2316 | D:3      | Noticed a scorpion
  2320 | D:3      | Killed a scorpion
  2321 | D:3      | Reached skill level 5 in Maces & Flails
  2321 | D:3      | Reached XP level 5. HP: 31/32 MP: 5/5
  2744 | D:4      | Reached skill level 6 in Maces & Flails
  2770 | D:4      | Reached XP level 6. HP: 30/37 MP: 6/6
  3061 | D:4      | Reached skill level 7 in Maces & Flails
  3316 | D:4      | Noticed Natasha
  3331 | D:4      | Killed Natasha
  3332 | D:4      | Reached XP level 7. HP: 27/41 MP: 7/7
  4128 | D:4      | Noticed Natasha
  4134 | D:4      | Killed Natasha
  4155 | D:4      | Noticed Natasha
  4163 | D:4      | Killed Natasha
  4612 | D:4      | Reached skill level 8 in Maces & Flails
  4814 | D:5      | Entered Level 5 of the Dungeon
  5413 | D:5      | Noticed Pikel
  5420 | D:5      | Killed Pikel
  5421 | D:5      | Reached skill level 9 in Maces & Flails
  5421 | D:5      | Reached XP level 8. HP: 46/46 MP: 8/8
  5459 | D:5      | Reached skill level 10 in Maces & Flails
  5521 | D:5      | Identified the +4 great mace of the Harvest {vorpal, rPois
                  | Int+3 Dex+7}
  5605 | D:5      | Reached skill level 11 in Maces & Flails
  6271 | D:5      | Reached XP level 9. HP: 49/51 MP: 9/9
  6658 | D:6      | Reached skill level 12 in Maces & Flails
  6692 | D:6      | Found Wugecalu's General Store.
  7362 | D:7      | Found Guxzuig's General Store.
  7443 | D:7      | Found a staircase to the Ecumenical Temple.
  7673 | Temple   | Entered the Ecumenical Temple
  7916 | Temple   | Became a worshipper of the Shining One
  8006 | D:7      | Reached skill level 5 in Fighting
  8950 | D:8      | Found a bloodstained altar of Trog.
  9179 | D:8      | Found a shimmering blue altar of Sif Muna.
  9184 | D:8      | Found a basalt altar of Yredelemnul.
  9185 | D:8      | Found a shimmering altar of Xom.
  9187 | D:8      | Found a sparkling altar of Nemelex Xobeh.
  9187 | D:8      | Found an iron altar of Okawaru.
  9188 | D:8      | Found a shadowy altar of Dithmenos.
  9190 | D:8      | Found a sacrificial altar of Ru.
  9486 | D:8      | Reached XP level 10. HP: 50/65 MP: 10/10
  9798 | D:8      | Found a runed translucent gate.
  9798 | D:8      | Found a runed translucent gate.
  9798 | D:8      | Found a runed translucent gate.
  9799 | D:8      | Noticed dangdung's ghost (novice OpTm)
 10182 | D:9      | Noticed a two-headed ogre
 10194 | D:9      | Killed a two-headed ogre
 10351 | D:9      | Reached skill level 10 in Fighting
 10440 | D:9      | Noticed Maurice
 10457 | D:9      | Killed Maurice
 11561 | D:10     | Entered Level 10 of the Dungeon
 11566 | D:10     | Noticed a two-headed ogre
 11576 | D:10     | Killed a two-headed ogre
 11805 | D:10     | Noticed a gargoyle
 11815 | D:10     | Killed a gargoyle
 11816 | D:10     | Reached skill level 5 in Invocations
 11834 | D:10     | Reached * piety under the Shining One
 12378 | D:11     | Reached XP level 11. HP: 73/74 MP: 15/15
 13041 | D:10     | Found Pufaonel's Antique Weapon Shop.
 13601 | D:11     | Gained mutation: You are clumsy. (Dex -2) [potion of
                  | mutation]
 13601 | D:11     | Gained mutation: You have a pair of small horns on your
                  | head. [potion of mutation]
 13601 | D:11     | Gained mutation: You have sharp toenails. [potion of
                  | mutation]
 13605 | D:11     | Reached skill level 10 in Shields
 13605 | D:11     | Reached XP level 12. HP: 80/80 MP: 18/18
 14768 | D:11     | Lost mutation: You are clumsy. (Dex -2) [potion of
                  | mutation]
 14768 | D:11     | Lost mutation: You have sharp toenails. [potion of
                  | mutation]
 14768 | D:11     | Gained mutation: You do not regenerate when monsters are
                  | visible. [potion of mutation]
 14768 | D:11     | Lost mutation: You have a pair of small horns on your head.
                  | [potion of mutation]
 14768 | D:11     | Gained mutation: Your spells are a little harder to cast,
                  | but a little more powerful. [potion of mutation]
 14769 | D:11     | Lost mutation: You do not regenerate when monsters are
                  | visible. [potion of mutation]
 14769 | D:11     | Lost mutation: Your spells are a little harder to cast, but
                  | a little more powerful. [potion of mutation]
 14769 | D:11     | Gained mutation: You are frail. (-10% HP) [potion of
                  | mutation]
 14769 | D:11     | Gained mutation: Armour fits poorly on your strangely
                  | shaped body. [potion of mutation]
 15945 | D:10     | Found Cerej's Distillery.
 15990 | D:10     | Found Uhopuoh's General Store.
 16022 | D:10     | Found a glowing golden altar of the Shining One.
 16030 | D:10     | Reached skill level 5 in Armour
 16155 | D:10     | Found a staircase to the Orcish Mines.
 16338 | D:10     | Found Neihogg's Armour Emporium.
 16543 | D:11     | Found a staircase to the Lair.
 16627 | D:11     | Found a runed translucent gate.
 16628 | D:11     | Found a runed translucent gate.
 16629 | D:11     | Found a runed translucent gate.
 16630 | D:11     | Noticed Tali's ghost (journeyman DsBe)
 16655 | Lair:1   | Entered Level 1 of the Lair of Beasts
 16926 | Lair:1   | Noticed Erica
 16926 | Lair:1   | Reached ** piety under the Shining One
 16940 | Lair:1   | Killed Erica
 17264 | Lair:1   | HP: 3/72 [killer bee (4)]
 17264 | Lair:1   | Slain by a killer bee

Illustrated notes

Levels and vault maps discovered:
D:1:      lightli_arrival_chessboard, layout_basic,
          hellmonk_ecumenical_altar_dog_temple
D:2:      layout_rooms, basic_altar, roderic_lattice_a
D:3:      layout_basic, cheibrodos_ashenzari_chains
D:4:      layout_basic, uniq_natasha
D:5:      layout_basic, dk_noncrumbling_3, serial_bayou_lagoon_b, uniq_pikel
D:6:      layout_basic, serial_shops, shop_statue
D:7:      layout_layer_cave, minmay_temple_entry_statues_fountains,
          serial_shops, kennysheep_mini_moat
D:8:      layout_loops_corners, nicolae_overflow_hallway_of_the_gods,
          trog_ov_bears_minmay, ebering_ghost_rock_garden, enter_bailey_6
D:9:      layout_layer_cave, uniq_maurice
D:10:     layout_basic, minmay_orc_entry_temple_small, serial_shops,
          kennysheep_little_box, shop, shop_fountains, nicolae_take_the_stairs,
          grunt_ministairs_4, kennysheep_flooded_box
D:11:     layout_irregular_city, lair_entry_dummy, gammafunk_ghost_ooze
Temple:   nicolae_temple_figure_eight
Lair:1:   layout_cave_pods, special_room [special_room_bee], minmay_hedge_maze,
          minivault_26, roderic_batcave, beast_lair_carwin_9, uniq_erica

Skill      XL: |  1  2  3  4  5  6  7  8  9 10 11 12 |
---------------+-------------------------------------+-----
Maces & Flails | 3 4 5 6 7 9 11 12 | 12.1
Fighting       | 8 11 | 11.0
Invocations    | 6 8 |  8.0
Shields        | 10 | 10.7
Armour         | 8 |  8.0

Action                   |  1- 3 |  4- 6 |  7- 9 | 10-12 || total
-------------------------+-------+-------+-------+-------++-------
Melee: Flail             |   113 |     7 |       |       ||   120
       Whip              |       |   122 |   289 |   365 ||   776
Throw: Dart              |       |       |       |    17 ||    17
Evoke: Wand              |       |       |       |     2 ||     2
  Use: Potion            |       |       |     1 |    16 ||    17
       Scroll            |       |       |     8 |     3 ||    11
Armor: Scale mail        |    72 |    58 |   116 |    83 ||   329
Dodge: Dodged            |    88 |    54 |   126 |   149 ||   417
Block: Buckler           |    27 |    23 |    51 |    75 ||   176
